 Dungeon Crawl Stone Soup version 0.27-a0-362-g8331d791d5 (webtiles) character file.

Game seed: 11651344417385249463

303205 EnegeticOcto the Warrior (level 19, 0/232 HPs)
             Began as a Demigod Transmuter on Feb 16, 2021.
             Slain by a freezing wraith (12 damage)
             ... on level 1 of the Vaults.
             The game lasted 01:50:05 (42733 turns).

EnegeticOcto the Warrior (Demigod Transmuter)      Turns: 42733, Time: 01:50:06

Health: 0/232      AC: 10    Str: 11    XL:     19   Next: 45%
Magic:  28/32      EV: 14    Int: 42    God:
Gold:   4575       SH:  0    Dex: 14    Spells: 5/30 levels left

rFire    + . .     SeeInvis .     - Unarmed
rCold    . . .     Faith    .   (shield currently unavailable)
rNeg     . . .     Spirit   .   (armour currently unavailable)
rPois    +         Reflect  .   (helmet currently unavailable)
rElec    .         Harm     .   (cloak currently unavailable)
rCorr    .         Rampage  .   (gloves currently unavailable)
Will     ++...                  (boots currently unavailable)
Stlth    +.........             u - amulet of regeneration
HPRegen  1.48/turn              L - +4 ring of protection
MPRegen  0.23/turn              R - ring of Getir {*Corrode rPois rF+ Will+ Int+3}

@: hydra-form, wereblooded, corroded, slowed, very slow
A: very large, high mp 1
}: 2/15 runes: decaying, gossamer
a: End Transformation


You were on level 1 of the Vaults.
You were a nine-headed hydra.
You visited 7 branches of the dungeon, and saw 35 of its levels.
You also visited: Gauntlet and Ice Cave.

You collected 5986 gold pieces.
You spent 1411 gold pieces at shops.

Inventory:

Missiles
 A - 13 curare-tipped darts
 I - 2 throwing nets {!f}
Armour
 p - a +1 pair of boots (melded)
   (You found it on level 1 of the Vaults)
 v - the +2 robe of Vines (melded) {NoPotionHeal Regen+++}
   (You found it in an ice cave)

   It increases your rate of regeneration.
 y - a +3 buckler (melded)
   (You took it off a spriggan rider on level 1 of the Swamp)
 T - a +1 pair of gloves of stealth (melded)
   (You found it in an ice cave)
 Y - a +2 cloak of cold resistance (melded)
   (You found it in an ice cave)
Jewellery
 q - a ring of protection from fire
   (You found it on level 4 of the Dungeon)
 u - an amulet of regeneration (around neck)
   (You found it on level 7 of the Dungeon)
 L - a +4 ring of protection (left foreclaw)
   (You found it on level 1 of the Spider Nest)
 R - the ring of Getir (right foreclaw) {*Corrode rPois rF+ Will+ Int+3}
   (You found it in a Gauntlet)

   [ring of willpower]

   It affects your intelligence (+3).
   It protects you from fire.
   It protects you from poison.
   It affects your willpower, your defense against some magical effects.
   It may corrode you when you take damage.
 V - the ring "Bungoim" {*Drain +Fly rElec rPois rN+++}
   (You took it off a deep elf pyromancer on level 3 of the Elven Halls)

   [ring of flight]

   It insulates you from electricity.
   It protects you from poison.
   It renders you almost immune to negative energy.
   It lets you fly.
   It causes draining when unequipped.
Wands
 x - a wand of mindburst (76)
   (You found it on level 6 of the Dungeon)
 C - a wand of iceblast (3) {@v2}
   (You found it on level 10 of the Dungeon)
 D - a wand of acid (31) {@v1}
   (You found it on level 10 of the Dungeon)
 O - a wand of paralysis (8)
   (You found it on level 3 of the Lair of Beasts)
 Q - a wand of charming (8)
   (You found it on level 1 of the Spider Nest)
 W - a wand of digging (9) {@v3}
   (You found it on level 6 of the Lair of Beasts)
Scrolls
 a - 11 scrolls of identify {@r1}
 d - 18 scrolls of teleportation {@r3 !r}
 e - 11 scrolls of fear {!r}
 g - 9 scrolls of fog {!r}
 o - a scroll of enchant armour
 r - 2 scrolls of blinking {@r4}
 s - 8 scrolls of magic mapping {@r5 !r}
 B - a scroll of holy word
 E - 4 scrolls of amnesia
 G - 2 scrolls of immolation
 N - 2 scrolls of vulnerability
 U - a scroll of torment
 X - 3 scrolls of silence
Potions
 b - 13 potions of lignification {@q6}
 c - 11 potions of curing {@q1 !q}
 f - 6 potions of attraction
 h - 5 potions of haste {@q4 !q}
 i - 3 potions of mutation
 j - 3 potions of berserk rage
 k - 7 potions of heal wounds {@q2 !q}
 l - 7 potions of flight
 m - 10 potions of ambrosia
 n - 2 potions of might {@q3 !q}
 w - 5 potions of resistance
 z - a potion of invisibility
 K - 4 potions of brilliance
 M - a potion of magic
 P - 2 potions of cancellation
Miscellaneous
 t - a condenser vane
   (You found it on level 3 of the Elven Halls)
 F - a phial of floods
   (You found it on level 11 of the Dungeon)
 H - a phantom mirror
   (You found it on level 3 of the Elven Halls)
 J - a box of beasts
   (You found it on level 2 of the Lair of Beasts)
 S - a lightning rod (4/4)
   (You found it in a Gauntlet)
 Z - a tin of tremorstones (2/2)
   (You found it on level 1 of the Spider Nest)


   Skills:
 - Level 18.0 Fighting
 + Level 12.5 Dodging
 - Level 4.0 Shields
 - Level 16.4 Unarmed Combat
 - Level 6.0 Spellcasting
 - Level 5.0 Translocations
 + Level 15.7 Transmutations
 - Level 3.0 Ice Magic
 - Level 7.0 Earth Magic
 - Level 3.0 Poison Magic
 - Level 5.0 Evocations


You had 5 spell levels left.
You knew the following spells:

 Your Spells              Type           Power        Failure   Level
a - Apportation           Tloc           100%         1%          1
b - Hydra Form            Tmut           49%          1%          6
c - Lesser Beckoning      Tloc           26%          1%          3
d - Statue Form           Tmut/Erth      55%          3%          6
e - Alistair's Intoxicat  Tmut/Pois      49%          1%          5
z - Wereblood             Tmut           98%          0%          2
Y - Blink                 Tloc           N/A          1%          2

Your spell library contained the following spells:

 Spells                   Type           Power        Failure   Level
 Beastly Appendage        Tmut           100%         0%          1
 Freeze                   Ice            100%         1%          1
 Ensorcelled Hibernation  Hex/Ice        50%          1%          2
 Gell's Gravitas          Tloc           26%          1%          3
 Spider Form              Tmut/Pois      37%          1%          3
 Ice Form                 Ice/Tmut       74%          1%          4
 Petrify                  Tmut/Erth      83%          1%          4
 Blade Hands              Tmut           49%          1%          5
 Corona                   Hex            13%          2%          1
 Foxfire                  Conj/Fire      48%          2%          1
 Magic Dart               Conj           48%          2%          1
 Pain                     Necr           48%          2%          1
 Shock                    Conj/Air       48%          2%          1
 Summon Small Mammal      Summ           48%          2%          1
 Yara's Violent Unravell  Hex/Tmut       34%          2%          5
 Call Imp                 Summ           12%          3%          2
 Slow                     Hex            12%          3%          2
 Swiftness                Air            12%          3%          2
 Mephitic Cloud           Conj/Pois/Air  21%          4%          3
 Animate Armour           Summ/Erth      84%          5%          4
 Leda's Liquefaction      Hex/Erth       21%          5%          4
 Call Canine Familiar     Summ           12%          7%          3
 Confusing Touch          Hex            12%          7%          3
 Conjure Flame            Conj/Fire      12%          7%          3
 Dazzling Flash           Conj/Hex       24%          7%          3
 Inner Flame              Hex/Fire       12%          7%          3
 Static Discharge         Conj/Air       12%          7%          3
 Summon Guardian Golem    Hex/Summ       12%          7%          3
 Tukima's Dance           Hex            12%          7%          3
 Summon Ice Beast         Ice/Summ       25%          12%         4
 Borgnjor's Vile Clutch   Necr/Erth      21%          16%         5
 Airstrike                Air            6%           22%         4
 Animate Dead             Necr           6%           22%         4
 Sticky Flame             Conj/Fire      12%          22%         4
 Summon Lightning Spire   Summ/Air       12%          22%         4
 Bolt of Magma            Conj/Fire/Erth 16%          26%         5
 Metabolic Englaciation   Hex/Ice        12%          34%         5
 Fireball                 Conj/Fire      6%           54%         5
 Lightning Bolt           Conj/Air       6%           54%         5
 Iron Shot                Conj/Erth      21%          63%         6
 Simulacrum               Ice/Necr       12%          88%         6
 Death Channel            Necr           6%           98%         6
 Invisibility             Hex            12%          98%         6
 Ozocubu's Refrigeration  Ice            18%          99%         7
 Shatter                  Erth           31%          100%        9


Dungeon Overview and Level Annotations

Branches:
Dungeon (15/15)            Temple (0/1) D:7            Lair (6/6) D:11
  Swamp (4/4) Lair:3       Spider (4/4) Lair:3        Slime (0/5) Lair:5
    Orc (2/2) D:12            Elf (3/3) Orc:2        Vaults (1/5) D:14
 Depths (0/5) D:15          IceCv (visited)         Gauntlet (visited)

Shops:
D:7 **   Orc:1 :[?   Orc:2 (=[*

Annotations:
D:13 1 runed translucent door, Ylib's ghost, journeyman TrBe
Lair:1 2 transporters, Garrluk's ghost, journeyman NaTm
Lair:2 exclusion: 4 oklob plants
Lair:3 exclusion: oklob plant
Lair:4 exclusion: oklob plant
Spider:1 1 exclusion, Roxanne
Orc:2 3 runed translucent doors, ilii's ghost, journeyman SpCj
Elf:2 3 runed translucent doors
Vaults:1 2 runed translucent doors, Mafumol's ghost, adept GrEE


Innate Abilities, Weirdness & Mutations

You have an increased reservoir of magic. (+10% MP)


Message History

Your +1 pair of gloves of stealth melds into your body.
Your +1 pair of boots melds into your body.
Your +3 buckler melds into your body.
The +2 robe of Vines {NoPotionHeal Regen+++} melds into your body.
You feel less resistant to cold.
You feel less stealthy. The vines fall away from your body!
You hear a shout! x3
A yaktaur comes into view.
You hear a shout! x2
A yaktaur comes into view.
The yaktaur shouts!
The yaktaur wields a +0 arbalest.
The yaktaur shoots a bolt.
The bolt hits you.
A yaktaur comes into view. x2
The yaktaur wields a +0 arbalest.
The yaktaur shoots a bolt.
The bolt hits you.
The yaktaur shouts!
A freezing wraith comes into view.
You nip at the yaktaur but do no damage.
You bite the yaktaur!
The yaktaur unwields a +0 arbalest.
The yaktaur completely misses you.
You gouge the yaktaur!!
The yaktaur is almost dead.
You gouge the yaktaur!!
The yaktaur hits you but does no damage.
The yaktaur shoots a bolt.
The bolt hits you!
You chomp the yaktaur!!!
You devour the yaktaur!
You feel better.
You kill the yaktaur!
You bite the yaktaur!
The yaktaur hits you but does no damage.
The yaktaur wields a +0 arbalest.
The yaktaur shoots a bolt.
The bolt hits you.
A yaktaur captain comes into view.
You chomp the yaktaur!!!
You devour the yaktaur!
You feel better.
You kill the yaktaur!
The yaktaur shoots a bolt.
The bolt hits you!
The yaktaur shoots a bolt.
The bolt completely misses you.
Casting: Hydra Form (mildly dangerous; 1% risk of failure)
Confirm with . or Enter, or press ? or * to list all spells.
Your blood is infused with primal strength.
The yaktaur wields a +0 arbalest.
The yaktaur shoots a bolt.
The bolt hits you!!
Your corrosive artefact corrodes you!
You chomp the yaktaur captain!!!
The yaktaur captain is heavily wounded.
The yaktaur shoots a bolt.
The bolt closely misses you.
You chomp the yaktaur captain!!!
The yaktaur captain is almost dead.
The yaktaur shoots a bolt.
The bolt hits you!! The yaktaur captain hits you!!
You gouge the yaktaur captain!!
You devour the yaktaur captain!
You feel better.
You kill the yaktaur captain!
You roar as the wereblood boils in your veins!
The yaktaur unwields a +0 arbalest.
The yaktaur hits you.
The yaktaur shoots a bolt.
The bolt hits you!!
The yaktaur shoots a bolt.
The bolt hits you!!
Things that are here:
a +1 arbalest of freezing; 26 bolts; a +0 barding You are too injured to fight recklessly!
You are too injured to fight recklessly!
You chomp the yaktaur!!!
You devour the yaktaur!
You feel better.
You kill the yaktaur!
The yaktaur shoots a bolt.
The bolt barely misses you.
The bolt barely misses the yaktaur.
The yaktaur unwields a +0 arbalest.
The yaktaur misses you.
Things that are here:
a +0 arbalest; 25 bolts You gouge the yaktaur!!
The yaktaur is severely wounded.
You nip at the freezing wraith.
The freezing wraith barely misses you. The freezing wraith hits you.
The freezing wraith drains your vigour!
You feel yourself slow down. The yaktaur hits you!
The yaktaur shoots a bolt.
The bolt hits you!!
You gouge the freezing wraith!!
The freezing wraith is heavily damaged.
You bite the yaktaur! The freezing wraith hits you!
The freezing wraith freezes you!
* * * LOW HITPOINT WARNING * * *
The freezing wraith hits you.
* * * LOW HITPOINT WARNING * * *
The freezing wraith drains your vigour!
You feel as though you will be slow longer.
The yaktaur completely misses you.
You nip at the freezing wraith.
The freezing wraith is heavily damaged.
You gouge the yaktaur!!
You devour the yaktaur!
You feel better.
You kill the yaktaur!
The yaktaur shoots a bolt.
The bolt barely misses you.
The freezing wraith hits you but does no damage. x2
You barely miss the freezing wraith.
The freezing wraith is heavily damaged.
The freezing wraith hits you!
* * * LOW HITPOINT WARNING * * *
The freezing wraith freezes you!!
* * * LOW HITPOINT WARNING * * *
The freezing wraith completely misses you.
You bite the freezing wraith!
The freezing wraith is severely damaged.
You bite the yaktaur! The freezing wraith hits you!
* * * LOW HITPOINT WARNING * * *
The freezing wraith freezes you!!
* * * LOW HITPOINT WARNING * * *
The freezing wraith hits you!
You die...

..########)##+############'###
.........))..................#
.............................#
.........###############.....#
.........# ......######.....#
.).......# .........##.....#
)........######..#....##.....#
)........##...........##.....#
.........##..##.Dc######.....#
.........##....)W).#...'.....#
.........######..).....#.....#
.........# ##########.....#
........... .............#
............ .............#
............ .............#
##############


You could see a yaktaur and a freezing wraith.

Vanquished Creatures
  Saint Roka (Orc:2)
  A tentacled monstrosity (Swamp:1)
  An Ice Fiend (IceCv)
  3 deep elf blademasters (Elf:3)
  A lich (Vaults:1)
  3 deep elf master archers (Elf:3)
  A thorn hunter (Swamp:1)
  A storm dragon (Vaults:1)
  Donald (Swamp:2)
  Agnes (Elf:2)
  A fenstrider witch (Swamp:3)
  7 deep elf sorcerers
  5 emperor scorpions
  2 frost giants (Vaults:1)
  3 ghost moths
  5 vault wardens (Vaults:1)
  An orc warlord (Orc:1)
  3 deep elf elementalists (Elf:3)
  6 ironheart preservers (Vaults:1)
  A stone giant (Vaults:1)
  4 bunyips
  3 deep elf demonologists (Elf:3)
  Azrael (D:15)
  A dire elephant (Lair:6)
  4 entropy weavers
  9 deep elf annihilators (Elf:3)
  A minotaur (Gauntlet)
  3 spark wasps (Spider:4)
  An ettin (Vaults:1)
  Snorg (Orc:2)
  A fire dragon (D:14)
  4 deep elf death magi
  A shambling mangrove (Swamp:4)
  4 eleionomae
  An ice dragon (Vaults:1)
  2 yaktaur captains (Vaults:1)
  A great orb of eyes (Vaults:1)
  3 deep elf high priests (Elf:3)
  29 hydras
  Fannar (D:12)
  A rakshasa (Vaults:1)
  5 ogre magi
  4 boulder beetles
  A merfolk avatar (Lair:6)
  2 anacondas (Lair:4)
  11 two-headed ogres
  A queen ant (Spider:2)
  5 centaur warriors
  8 alligators
  A deep troll earth mage (Vaults:1)
  A vampire mage (D:15)
  9 dancing weapons
  2 tengu warriors
  Urug (D:10)
  6 spriggans
  3 orc high priests
  10 deep elf knights
  2 skeletal warriors (D:15)
  4 deep trolls (Vaults:1)
  4 goliath frogs
  A sea snake (Lair:6)
  A death drake (Swamp:4)
  2 unseen horrors
  9 spriggan druids
  4 bog bodies
  A flayed ghost (Vaults:1)
  A wolf spider zombie (D:14)
  16 swamp dragons
  7 deep elf archers
  Pikel (D:5)
  3 ironbrand convokers (Vaults:1)
  4 orc knights
  2 lindwurms
  2 necromancers
  A sphinx zombie (D:15)
  26 deep elf pyromancers
  13 orb spiders
  An orb spider (shapeshifter) (Elf:1)
  5 orc sorcerers
  26 ugly things
  A shining eye (shapeshifter) (D:14)
  28 deep elf zephyrmancers
  24 wolf spiders
  6 will-o-the-wisps
  A moth of wrath (Spider:4)
  3 cyclopes
  9 elephants
  3 manticores
  A fire giant skeleton (D:15)
  Maurice (D:9)
  2 guardian serpents (shapeshifter) (Vaults:1)
  2 human skeletons (Vaults:1)
  6 black mambas
  3 ice statues
  2 torpor snails
  An apocalypse crab (Gauntlet)
  5 vault sentinels (Vaults:1)
  Maggie (D:7)
  6 rime drakes
  4 gargoyles
  13 cane toads
  A kobold demonologist (D:14)
  2 yaktaur zombies (D:15)
  9 komodo dragons
  4 freezing wraiths (IceCv)
  9 yaktaurs (Vaults:1)
  A tengu conjurer (D:15)
  A yaktaur (shapeshifter) (D:15)
  7 ice devils (IceCv)
  8 demonic crawlers
  A golden dragon simulacrum (IceCv)
  Prince Ribbit (D:7)
  A bloated husk (Swamp:4)
  A queen bee (Lair:3)
  9 meliai
  A harpy skeleton (D:15)
  14 tyrant leeches
  35 jumping spiders
  3 polar bears
  A wind drake (Lair:6)
  5 trolls
  Grinder (D:3)
  A human simulacrum (Vaults:1)
  15 hornets
  3 blink frogs (Lair:5)
  A raiju (shapeshifter) (Elf:3)
  9 slime creatures (D:12)
  3 centaur simulacra
  60 redbacks
  An air elemental (Elf:2)
  3 water elementals
  5 shadows
  A vampire (D:12)
  A spriggan (shapeshifter) (Elf:3)
  9 wyverns
  A wraith (D:13)
  26 tarantellas
  2 dire elephant simulacra (IceCv)
  An elf zombie (Vaults:1)
  39 yaks
  A hog (shapeshifter) (D:14)
  4 basilisks
  7 fire elementals
  A steam dragon (Lair:4)
  A golden eye (shapeshifter) (D:15)
  Grum (D:9)
  11 vampire mosquitoes
  2 soldier ants
  Menkaure (D:7)
  9 swamp worms
  3 harpy simulacra (IceCv)
  7 wargs
  Edmund (D:5)
  32 water moccasins
  3 iron troll simulacra (IceCv)
  3 acid dragons
  6 hydra simulacra (IceCv)
  Duvessa (D:6)
  45 orc warriors
  10 swamp drakes
  2 hornet zombies (D:15)
  8 ice beasts
  7 black bears
  3 hell hounds (D:15)
  A sky beast (D:7)
  5 necrophages
  23 ogres
  12 wolves
  14 centaurs
  2 phantoms
  A lemure (D:5)
  A gnoll sergeant (Orc:1)
  8 bullfrogs
  Dowan (D:6)
  A water moccasin zombie (D:9)
  An earth elemental (Elf:1)
  A scorpion (shapeshifter) (Elf:2)
  4 scorpions
  2 wyvern skeletons
  42 killer bees
  16 wights
  3 howler monkeys
  3 electric eels (Spider:4)
  4 centaur zombies
  3 draconian simulacra (IceCv)
  4 bullfrog zombies
  4 centaur skeletons
  9 hounds
  2 jellies
  A wyvern simulacrum (D:14)
  A quasit (D:15)
  16 orc priests
  Crazy Yiuf (D:7)
  2 bullfrog skeletons (D:10)
  5 iguanas
  Jessica (D:3)
  Terence (D:3)
  28 orc wizards
  20 worker ants
  4 troll simulacra (IceCv)
  2 polar bear simulacra (IceCv)
  A hound skeleton (D:5)
  9 adders
  4 gnolls (D:6)
  2 naga simulacra (IceCv)
  3 ogre simulacra (IceCv)
  A river rat (Lair:3)
  3 shadow imps
  3 white imps
  4 ufetubi
  A worm (D:2)
  2 dart slugs
  7 leopard geckos
  112 orcs
  A giant cockroach (D:8)
  4 goblins
  9 hobgoblins
  6 jackals
  5 kobolds
  6 quokkas
  7 bats
  9 frilled lizards
  10 rats
1375 creatures vanquished.

Vanquished Creatures (collateral kills)
  A hornet (Lair:6)
1 creature vanquished.

Vanquished Creatures (others)
  A centaur warrior (D:15)
  A deep elf knight (Elf:2)
  2 goliath frogs (Swamp:4)
  A deep elf pyromancer (Elf:1)
  A bloated husk (Swamp:4)
  A hornet (Swamp:2)
  A soldier ant (Spider:2)
  A swamp drake (Swamp:4)
  A white imp (IceCv)
  An ufetubus (IceCv)
  34 foxfires
  24 fungi
  44 plants
  37 withered plants
150 creatures vanquished.

Grand Total: 1526 creatures vanquished

Notes
Turn   | Place    | Note
-------+----------+-------------------------------------------
     0 | D:1      | EnegeticOcto the Demigod Transmuter began the quest for the
                  | Orb.
     0 | D:1      | Reached XP level 1. HP: 15/15 MP: 5/5
   251 | D:1      | Reached skill level 3 in Unarmed Combat
   256 | D:1      | Reached skill level 1 in Fighting
   479 | D:1      | Reached XP level 2. HP: 15/23 MP: 7/7
   725 | D:1      | Reached skill level 2 in Fighting
   733 | D:1      | Reached skill level 2 in Transmutations
  1274 | D:2      | Reached XP level 3. HP: 22/29 MP: 8/8
  1278 | D:2      | Learned a level 3 spell: Spider Form
  1823 | D:2      | Reached skill level 1 in Poison Magic
  2496 | D:2      | Reached XP level 4. HP: 32/36 MP: 7/9
  2505 | D:2      | Reached skill level 3 in Transmutations
  2798 | D:2      | Found a faded altar of an unknown god.
  3093 | D:3      | Noticed Terence
  3104 | D:3      | Killed Terence
  3105 | D:3      | Reached skill level 2 in Poison Magic
  3536 | D:3      | You fall into a shaft and drop 1 floor!
  3606 | D:4      | Reached skill level 3 in Poison Magic
  3606 | D:4      | Reached XP level 5. HP: 27/41 MP: 7/10
  4150 | D:3      | Noticed Grinder
  4170 | D:3      | Killed Grinder
  4171 | D:3      | Reached skill level 5 in Unarmed Combat
  4171 | D:3      | Reached XP level 6. HP: 48/48 MP: 11/11
  4204 | D:3      | Learned a level 4 spell: Ice Form
  4414 | D:3      | Noticed Jessica
  4422 | D:3      | Killed Jessica
  4605 | D:4      | Found an ancient bone altar of Kikubaaqudgha.
  5196 | D:4      | Reached skill level 3 in Fighting
  5304 | D:5      | Entered Level 5 of the Dungeon
  5372 | D:5      | Reached XP level 7. HP: 58/58 MP: 8/12
  5447 | D:5      | Reached skill level 4 in Fighting
  5740 | D:5      | Noticed Pikel
  5757 | D:5      | Killed Pikel
  5758 | D:5      | Reached skill level 5 in Fighting
  5758 | D:5      | Reached skill level 2 in Dodging
  5758 | D:5      | Reached skill level 1 in Ice Magic
  5867 | D:5      | Reached skill level 2 in Ice Magic
  5867 | D:5      | Reached XP level 8. HP: 61/68 MP: 9/13
  6060 | D:5      | Noticed Edmund
  6072 | D:5      | Killed Edmund
  6073 | D:5      | Reached skill level 3 in Dodging
  6073 | D:5      | Reached skill level 4 in Transmutations
  6284 | D:6      | Noticed Duvessa
  6503 | D:6      | Reached skill level 3 in Ice Magic
  6507 | D:6      | Noticed Dowan
  6513 | D:6      | Killed Duvessa
  6514 | D:6      | Reached skill level 5 in Transmutations
  6696 | D:6      | Killed Dowan
  6731 | D:6      | Reached skill level 6 in Transmutations
  6843 | D:6      | Identified the +2 leather armour of the Past {rElec rF++
                  | Dex+2 Slay-2}
  7704 | D:6      | Got a faintly glowing great sword
  7743 | D:6      | Identified the +4 great sword "Kauff" {vorpal, Int+6} (You
                  | found it on level 6 of the Dungeon)
  7804 | D:7      | Reached skill level 7 in Transmutations
  7857 | D:7      | Noticed Menkaure
  7867 | D:7      | Killed Menkaure
  7868 | D:7      | Reached XP level 9. HP: 74/74 MP: 9/14
  7975 | D:7      | Reached skill level 8 in Transmutations
  8231 | D:7      | Noticed Maggie
  8244 | D:7      | Killed Maggie
  8245 | D:7      | Reached skill level 6 in Unarmed Combat
  8270 | D:7      | Found Boypemp's Assorted Antiques.
  8278 | D:7      | Bought a fine chain mail for 256 gold pieces
  8289 | D:7      | Identified the +1 chain mail "Qiwk" {Int+5} (You bought it
                  | in a shop on level 7 of the Dungeon)
  8382 | D:7      | Found Vuawidy's Assorted Antiques.
  8385 | D:7      | Bought a scroll labelled USIXKA POSAFOG for 35 gold pieces
  8412 | D:7      | Noticed Prince Ribbit
  8434 | D:7      | Killed Prince Ribbit
  8435 | D:7      | Reached skill level 6 in Fighting
  8608 | D:7      | Found a staircase to the Ecumenical Temple.
  8884 | D:7      | Found a runed translucent door.
  8885 | D:7      | Noticed Crazy Yiuf
  8893 | D:7      | Killed Crazy Yiuf
  9248 | D:8      | Noticed Psyche
  9249 | D:8      | Noticed Psyche
  9249 | D:8      | Psyche changed into Psyche the black bear
  9255 | D:8      | Killed Psyche the black bear
  9256 | D:8      | Reached skill level 7 in Unarmed Combat
  9606 | D:8      | Noticed a two-headed ogre
  9607 | D:8      | Reached skill level 7 in Fighting
  9638 | D:8      | Killed a two-headed ogre
  9639 | D:8      | Reached skill level 8 in Unarmed Combat
  9639 | D:8      | Reached XP level 10. HP: 82/86 MP: 15/15
  9920 | D:9      | Noticed Maurice
  9932 | D:9      | Killed Maurice
 10012 | D:9      | Noticed Grum
 10026 | D:9      | Killed Grum
 10027 | D:9      | Reached skill level 9 in Unarmed Combat
 10402 | D:9      | Found a hide-covered altar of Uskayaw.
 10527 | D:9      | Learned a level 5 spell: Blade Hands
 10791 | D:10     | Entered Level 10 of the Dungeon
 10795 | D:10     | Noticed a white ugly thing
 10866 | D:10     | Reached skill level 10 in Unarmed Combat
 10962 | D:9      | Killed a white ugly thing
 11004 | D:9      | Killed an unseen horror
 11348 | D:10     | Reached skill level 11 in Unarmed Combat
 11383 | D:10     | Noticed Urug
 11396 | D:10     | Killed Urug
 11397 | D:10     | Reached skill level 2 in Spellcasting
 11503 | D:10     | Reached XP level 11. HP: 92/92 MP: 18/18
 11917 | D:11     | Reached skill level 3 in Spellcasting
 11960 | D:11     | You fall into a shaft and drop 1 floor!
 12078 | D:12     | Reached skill level 8 in Fighting
 12164 | D:12     | Reached skill level 4 in Spellcasting
 12227 | D:12     | Noticed a boulder beetle
 12235 | D:12     | Noticed a two-headed ogre
 12237 | D:12     | Killed a boulder beetle
 12238 | D:12     | Reached skill level 9 in Fighting
 12317 | D:11     | Found a staircase to the Lair.
 12374 | D:11     | Got a glittering wooden ring
 12384 | D:11     | Identified the ring "Sasanoeck" {+Inv rC+ EV+4 Str-3 Dex+4
                  | SInv} (You found it on level 11 of the Dungeon)
 12614 | D:11     | Reached skill level 10 in Fighting
 12617 | D:11     | Learned a level 2 spell: Blink
 12812 | D:11     | Reached skill level 1 in Translocations
 13363 | Lair:1   | Entered Level 1 of the Lair of Beasts
 13462 | Lair:1   | Reached skill level 2 in Translocations
 13466 | Lair:1   | Reached skill level 4 in Dodging
 13537 | Lair:1   | Found a transporter.
 13550 | Lair:1   | Noticed Garrluk's ghost (journeyman NaTm)
 13551 | Lair:1   | Noticed a seven-headed hydra
 13552 | Lair:1   | Found a transporter.
 13688 | Lair:1   | Found an opulent altar of Gozag.
 14513 | Lair:2   | Reached skill level 3 in Translocations
 14513 | Lair:2   | Reached skill level 1 in Evocations
 14625 | Lair:2   | Reached XP level 12. HP: 92/106 MP: 16/21
 15202 | Lair:3   | Reached skill level 2 in Evocations
 15217 | Lair:3   | Reached skill level 9 in Transmutations
 15221 | Lair:3   | Found a staircase to the Swamp.
 15224 | Lair:3   | Reached skill level 5 in Dodging
 15238 | Lair:3   | Identified the Tome of Glacial Earth
 15246 | Lair:3   | Noticed a four-headed hydra
 15251 | Lair:3   | Killed a four-headed hydra
 15324 | Lair:3   | Reached skill level 4 in Translocations
 15357 | Lair:3   | Reached skill level 3 in Evocations
 15409 | Lair:3   | Found a hole to the Spider Nest.
 15542 | Lair:3   | Noticed a five-headed hydra
 15550 | Lair:3   | Killed a five-headed hydra
 15903 | Lair:3   | Reached skill level 6 in Dodging
 15903 | Lair:3   | Reached skill level 4 in Evocations
 15933 | Lair:3   | Reached skill level 5 in Translocations
 16626 | Lair:3   | Reached skill level 5 in Evocations
 16649 | Lair:4   | Identified a scroll of acquirement
 16661 | Lair:4   | Noticed an anaconda
 16663 | Lair:4   | Found a gate leading to a gauntlet.
 16671 | Lair:4   | Killed an anaconda
 16672 | Lair:4   | Reached skill level 10 in Transmutations
 16690 | Gauntlet | Entered a Gauntlet
 16690 | Gauntlet | Found a transporter.
 16723 | Gauntlet | Found a transporter.
 16739 | Gauntlet | Found a transporter.
 16743 | Gauntlet | Found a transporter.
 16745 | Gauntlet | Found a large runed translucent door.
 16746 | Gauntlet | Found a large runed translucent door.
 16747 | Gauntlet | Found a large runed translucent door.
 16747 | Gauntlet | Found a large runed translucent door.
 16747 | Gauntlet | Found a runed translucent door.
 16748 | Gauntlet | Found a large runed translucent door.
 16749 | Gauntlet | Found a large runed translucent door.
 16750 | Gauntlet | Found a large runed translucent door.
 16750 | Gauntlet | Found a large runed translucent door.
 16751 | Gauntlet | Found a runed translucent gate.
 16761 | Gauntlet | Found a transporter.
 16761 | Gauntlet | Found a runed translucent gate.
 16762 | Gauntlet | Found a runed translucent gate.
 16763 | Gauntlet | Found a large runed translucent door.
 16763 | Gauntlet | Found a large runed translucent door.
 16764 | Gauntlet | Found a large runed translucent door.
 16765 | Gauntlet | Found a large runed translucent door.
 16774 | Gauntlet | Found a transporter.
 16787 | Gauntlet | Found a transporter.
 16788 | Gauntlet | Noticed an ettin
 16788 | Gauntlet | a swamp worm changed into an ettin
 16806 | Gauntlet | Found a transporter.
 16808 | Gauntlet | Found a transporter.
 16809 | Gauntlet | Noticed a ghost crab
 16819 | Gauntlet | Found a transporter.
 16841 | Gauntlet | Found a transporter.
 16841 | Gauntlet | Found a transporter.
 16870 | Gauntlet | Found a large runed translucent door.
 16871 | Gauntlet | Found a large runed translucent door.
 16872 | Gauntlet | Found a large runed translucent door.
 16872 | Gauntlet | Found a large runed translucent door.
 16872 | Gauntlet | Found a runed translucent door.
 16955 | Gauntlet | Got a bound bone ring
 16958 | Gauntlet | Identified the ring of Getir {*Corrode rPois rF+ Will+
                  | Int+3} (You found it in a Gauntlet)
 16984 | Gauntlet | Noticed a catoblepas
 16989 | Gauntlet | Noticed an emperor scorpion
 16989 | Gauntlet | a catoblepas changed into an emperor scorpion
 16998 | Gauntlet | Identified the +0 cloak of Kekofulaiq {Str+3} (You found it
                  | in a Gauntlet)
 17098 | Gauntlet | Noticed a minotaur
 17105 | Gauntlet | Killed a minotaur
 17361 | Lair:4   | Reached XP level 13. HP: 115/115 MP: 18/22
 17424 | Lair:4   | Reached skill level 11 in Fighting
 17705 | Lair:4   | Found a sparkling altar of Nemelex Xobeh.
 18367 | Lair:5   | Reached skill level 12 in Fighting
 19016 | Lair:5   | Found a staircase to the Slime Pits.
 19017 | Lair:5   | Found a viscous altar of Jiyva.
 19324 | Lair:6   | Entered Level 6 of the Lair of Beasts
 19464 | Lair:6   | Reached skill level 13 in Fighting
 19801 | Lair:6   | Reached skill level 5 in Spellcasting
 20438 | Lair:6   | Noticed a dire elephant
 20489 | Lair:6   | Reached skill level 6 in Spellcasting
 20518 | Lair:6   | Killed a dire elephant
 20519 | Lair:6   | Reached skill level 12 in Unarmed Combat
 20647 | Lair:6   | Reached XP level 14. HP: 129/129 MP: 22/27
 20685 | Lair:6   | Identified the amulet "Totumuriw" {Regen+ Str+3 Int-4} (You
                  | found it on level 6 of the Lair of Beasts)
 21364 | D:12     | Got a brightly glowing chain mail
 21376 | D:12     | Identified the +8 chain mail "Lisch" {rPois Str-2 Int+4}
                  | (You found it on level 12 of the Dungeon)
 21556 | D:12     | Found a staircase to the Orcish Mines.
 21603 | D:12     | Noticed Fannar
 21625 | D:12     | Killed Fannar
 21805 | Orc:1    | Entered Level 1 of the Orcish Mines
 21917 | Orc:1    | Reached skill level 13 in Unarmed Combat
 21947 | Orc:1    | Found Hetux's Book Emporium.
 22080 | Orc:2    | Entered Level 2 of the Orcish Mines
 22082 | Orc:2    | Noticed Saint Roka
 22977 | Orc:2    | Noticed an orc warlord
 23048 | Orc:1    | Killed an orc warlord
 23155 | Orc:2    | Found a roughly hewn altar of Beogh.
 23256 | Orc:2    | Found Cubbap's Antique Weapon Shoppe.
 23283 | Orc:2    | Found Iwkoebu's Antique Armour Shoppe.
 23299 | Orc:2    | Found Panuoptol's General Store.
 23321 | Orc:2    | Found Neer's Jewellery Shoppe.
 23345 | Orc:2    | Killed Saint Roka
 23346 | Orc:2    | Reached skill level 14 in Unarmed Combat
 23428 | Orc:2    | Found a staircase to the Elven Halls.
 23769 | Orc:2    | Noticed Snorg
 23776 | Orc:2    | Killed Snorg
 23844 | Orc:2    | Found a runed translucent gate.
 23844 | Orc:2    | Found a runed translucent gate.
 23844 | Orc:2    | Found a runed translucent gate.
 23847 | Orc:2    | Noticed ilii's ghost (journeyman SpCj)
 23851 | Orc:2    | Found an iron altar of Okawaru.
 24510 | Orc:1    | Found Tiskan's Antique Armour Shop.
 24516 | Orc:1    | Found Cinig's Magic Scroll Shoppe.
 24643 | Orc:1    | Acquired 1185 gold pieces
 24828 | D:7      | Bought a thick hardcover book for 405 gold pieces
 25040 | Lair:2   | Learned a level 1 spell: Apportation
 25044 | Lair:2   | Learned a level 3 spell: Lesser Beckoning
 25204 | D:13     | Found a runed translucent door.
 25413 | D:13     | Noticed Ylib's ghost (journeyman TrBe)
 25669 | D:13     | Reached skill level 15 in Unarmed Combat
 25672 | D:13     | Got a steaming war axe
 25672 | D:13     | Identified the +6 war axe of Yshach {drain, rF+ rN+ Str+4}
                  | (You found it on level 13 of the Dungeon)
 26107 | D:14     | Acquired the Collected Works on Unholy Magic and
                  | Transmutation
 26122 | D:13     | Learned a level 6 spell: Hydra Form
 26515 | D:14     | Reached XP level 15. HP: 135/135 MP: 25/28
 26548 | D:14     | Found a gate to the Vaults.
 26840 | D:14     | Found a glowing golden altar of the Shining One.
 27166 | D:15     | Entered Level 15 of the Dungeon
 27325 | D:15     | Reached skill level 16 in Unarmed Combat
 27609 | D:15     | Learned a level 2 spell: Wereblood
 27623 | D:15     | Noticed Azrael
 27659 | D:15     | Killed Azrael
 27827 | D:15     | Paralysed by an ogre mage for 3 turns
 28014 | D:15     | Found a staircase to the Depths.
 28835 | D:15     | Reached skill level 7 in Dodging
 29051 | Spider:1 | Entered Level 1 of the Spider Nest
 30184 | Spider:1 | Noticed Roxanne
 30455 | Spider:2 | Reached skill level 11 in Transmutations
 30623 | Spider:2 | Reached skill level 8 in Dodging
 30753 | Spider:2 | Reached XP level 16. HP: 145/145 MP: 25/29
 30909 | Spider:2 | Reached skill level 14 in Fighting
 31557 | Spider:3 | Found a frozen archway.
 31641 | IceCv    | Entered an ice cave
 31779 | IceCv    | Found the +2 robe of Vines {NoPotionHeal Regen+++}
 31974 | IceCv    | Reached skill level 9 in Dodging
 32103 | IceCv    | Noticed an Ice Fiend
 32107 | IceCv    | Killed an Ice Fiend
 32820 | Spider:4 | Entered Level 4 of the Spider Nest
 32871 | Spider:4 | Reached skill level 12 in Transmutations
 33262 | Spider:4 | Reached skill level 10 in Dodging
 33712 | Spider:4 | Reached skill level 15 in Fighting
 33858 | Spider:4 | Got a gossamer rune of Zot
 33993 | Swamp:1  | Entered Level 1 of the Swamp
 34011 | Swamp:1  | Reached skill level 13 in Transmutations
 34067 | Swamp:1  | Noticed a tentacled monstrosity
 34079 | Swamp:1  | Killed a tentacled monstrosity
 34117 | Swamp:1  | Reached XP level 17. HP: 156/156 MP: 21/30
 34951 | Swamp:2  | Noticed Donald
 34965 | Swamp:2  | Killed Donald
 35076 | Swamp:2  | Reached skill level 14 in Transmutations
 36032 | Orc:1    | Bought a book of the Earth for 715 gold pieces
 36041 | Orc:1    | Learned a level 6 spell: Statue Form
 36384 | Swamp:3  | Reached skill level 1 in Earth Magic
 36451 | Swamp:3  | Reached skill level 2 in Earth Magic
 36515 | Swamp:3  | Reached skill level 3 in Earth Magic
 37132 | Swamp:4  | Entered Level 4 of the Swamp
 37137 | Swamp:3  | Reached skill level 4 in Earth Magic
 37190 | Swamp:4  | Reached skill level 1 in Shields
 37254 | Swamp:4  | Reached skill level 2 in Shields
 37254 | Swamp:4  | Reached skill level 5 in Earth Magic
 37464 | Swamp:4  | Reached skill level 3 in Shields
 37464 | Swamp:4  | Reached skill level 6 in Earth Magic
 37627 | Swamp:4  | Reached skill level 7 in Earth Magic
 37818 | Swamp:4  | Reached skill level 4 in Shields
 37945 | Swamp:4  | Got a decaying rune of Zot
 38560 | Elf:1    | Entered Level 1 of the Elven Halls
 39014 | Elf:1    | Reached XP level 18. HP: 166/166 MP: 31/31
 39067 | Elf:1    | Reached skill level 16 in Fighting
 39837 | Elf:2    | Noticed Agnes
 39840 | Elf:2    | Killed Agnes
 39887 | Elf:2    | Learned a level 5 spell: Alistair's Intoxication
 39910 | Elf:2    | Found a runed translucent gate.
 39910 | Elf:2    | Found a runed translucent gate.
 39925 | Elf:2    | Found a runed translucent gate.
 40479 | Elf:3    | Entered Level 3 of the Elven Halls
 40533 | Elf:3    | Found a shimmering blue altar of Sif Muna.
 40856 | Elf:3    | Reached skill level 11 in Dodging
 41134 | Elf:3    | Identified the +9 scale mail of Bose Tua {rElec Regen+
                  | Str-5 Stlth-}
 41227 | Elf:3    | Identified the ring "Bungoim" {*Drain +Fly rElec rPois
                  | rN+++}
 41241 | Elf:3    | Reached skill level 17 in Fighting
 41571 | Elf:3    | Reached skill level 15 in Transmutations
 41687 | Elf:3    | Identified the Disquisition on Transformation and
                  | Malediction
 42041 | Vaults:1 | Entered Level 1 of the Vaults
 42194 | Vaults:1 | Reached XP level 19. HP: 177/177 MP: 30/32
 42208 | Vaults:1 | Reached skill level 12 in Dodging
 42472 | Vaults:1 | Reached skill level 18 in Fighting
 42483 | Vaults:1 | Found a large runed translucent door.
 42483 | Vaults:1 | Found a large runed translucent door.
 42483 | Vaults:1 | Noticed Mafumol's ghost (adept GrEE)
 42733 | Vaults:1 | Slain by a freezing wraith

Illustrated notes

Levels and vault maps discovered:
D:1:      nagdon_arrival_double_spiral, layout_loops_ring, minmay_tall_x
D:2:      layout_basic, chequers_ecumenical_altar_island
D:3:      layout_loops_corners, uniq_terence, uniq_grinder, uniq_jessica
D:4:      layout_basic, kiku_gazebo_garden_becter
D:5:      layout_basic, item_on_display_a, uniq_pikel, uniq_edmund
D:6:      layout_rooms, water_boxes_lemuel, uniq_duvessa
D:7:      layout_loops_cross, minmay_temple_entry_trees, serial_shops,
          kennysheep_mini_moat, nicolae_shop_behind_doors,
          minmay_tree_intersection, uniq_prince_ribbit1, uniq_menkaure,
          uniq_crazy_yiuf_cottage, uniq_maggie
D:8:      layout_rooms, serial_rivers, chequers_serial_rivers_room_a,
          chequers_serial_rivers_large_b, chequers_serial_rivers_marsh,
          chequers_serial_rivers_small_a, chequers_serial_rivers_micro_e,
          uniq_psyche
D:9:      layout_roguey, basic_altar, uniq_grum, uniq_maurice
D:10:     layout_basic, uniq_urug
D:11:     layout_gridville, lair_entry_dummy
D:12:     layout_big_octagon, david_orc_4, serial_glass, glass_columns_c,
          glass_columns_a, glass_columns_c, glass_columns_a, glass_columns_b,
          grunt_ministairs_8, kennysheep_generic_room_3, uniq_fannar
D:13:     layout_roguey, hellmonk_ghost_happy_afterlife
D:14:     layout_loops_ring, david_vaults_4, nicolae_tso_swordbearing_angel
D:15:     gammafunk_depths_entry_grave, layout_gridville, nrook_pool_corridor,
          special_room [special_room_orc], minmay_circle_x, uniq_azrael
Lair:1:   layout_roguey, basic_altar, gammafunk_ghost_arena,
          beast_lair_carwin_10, infiniplex_staircase_pool
Lair:2:   layout_roguey, guppyfry_lair_drakes, lemuel_fruit_fields,
          minmay_lair_oklob_chamber
Lair:3:   regret_index_bee_streams, layout_misc_corridors,
          minmay_swamp_entry_reptiles, nicolae_spider_entry_orb_guardian,
          lemuel_fruit_fields, infiniplex_staircase_pool_2
Lair:4:   beast_lair_carwin_large_3, layout_regular_city,
          gauntlet_entry_generic, lemuel_oklob_altar, grunt_megastairs_3,
          lemuel_fruit_tree
Lair:5:   layout_regular_city, slime_altar_1
Lair:6:   gammafunk_lair_ancient_temple, layout_cellular_growth,
          eino_small_chamber_without_monster
Swamp:1:  layout_basic_swamp, nicolae_swamp_dense_foliage, swamp_pool1,
          nicolae_swamp_alligator_family
Swamp:2:  layout_basic_swamp, evilmike_swamp_ruin_house_4, uniq_donald
Swamp:3:  layout_basic_swamp, evilmike_swamp_ruin_rubble_2
Swamp:4:  swamp, layout_basic_swamp, swamp_pool1
Spider:1: layout_spider_delve, uniq_roxanne
Spider:2: layout_spider_delve, nicolae_spider_ant_collections
Spider:3: layout_spider_delve, portal_ice_cave_entry_ice_statue_two
Spider:4: spider_rune_water
Orc:1:    layout_caves, serial_shops, shop_coins, shop, shop, sword_in_stone
Orc:2:    grunt_orc_cross, layout_caves, gammafunk_ghost_fury_of_okawaru,
          uniq_saint_roka, uniq_snorg
Elf:1:    layout_gridlike, hangedman_corner_corridor, grunt_megastairs_4
Elf:2:    layout_geoelf_grid, uniq_agnes
Elf:3:    minmay_elf_hall_furrowed, layout_rooms, basic_altar
Vaults:1: advil_vaults_ghost_guards, vaults_standard_mumra_lines,
          nicolae_vaults_mini_display_case, dpeg_vaults_pockets_of_resistance,
          ontoclasm_vaults_hangar, hangedman_vaults_maws, ontoclasm_vaults_eye,
          v_alt_pattern_3, grunt_vaults_focal, layout_vaults_omnicross,
          serial_shops, bzr_firewalk

Skill      XL: |  1  2  3  4  5  6  7  8  9 10 11 12 13 14 15 16 17 18 19 |
---------------+----------------------------------------------------------+-----
Unarmed Combat | 3 5 8 11 12 15 16 | 16.4
Fighting       | 1 2 3 5 7 10 13 15 17 18 | 18.0
Transmutations | 2 3 7 8 10 11 13 14 15 | 15.7
Poison Magic   | 1 3 |  3.0
Dodging        | 2 3 4 6 8 10 11 12 | 12.5
Ice Magic      | 2 3 |  3.0
Spellcasting   | 2 4 6 |  6.0
Translocations | 3 5 |  5.0
Evocations     | 1 5 |  5.0
Earth Magic    | 7 |  7.0
Shields        | 4 |  4.0

Action                   |  1- 3 |  4- 6 |  7- 9 | 10-12 | 13-15 | 16-18 | 19-21 || total
-------------------------+-------+-------+-------+-------+-------+-------+-------++-------
Melee: Unarmed           |   124 |    92 |   336 |   697 |  1340 |  1225 |   125 ||  3939
       Headbutt          |    13 |     2 |       |       |       |       |       ||    15
       Kick              |    12 |     8 |       |       |       |       |       ||    20
       Punch             |     1 |     2 |       |       |       |       |       ||     3
       Great sword       |       |       |       |     3 |     5 |       |       ||     8
Throw: Throwing net      |       |       |       |     1 |       |       |       ||     1
 Cast: Beastly Appendage |    25 |     6 |       |       |       |       |       ||    31
       Spider Form       |     2 |    10 |    32 |    16 |    24 |       |       ||    84
       Ice Form          |       |       |    11 |    57 |    66 |     7 |       ||   141
       Apportation       |       |       |       |       |    11 |       |       ||    11
       Hydra Form        |       |       |       |       |    37 |    48 |     5 ||    90
       Lesser Beckoning  |       |       |       |       |    13 |    30 |     2 ||    45
       Wereblood         |       |       |       |       |     7 |    28 |     3 ||    38
       Blink             |       |       |       |       |     2 |       |       ||     2
       Blade Hands       |       |       |       |       |       |     2 |       ||     2
       Statue Form       |       |       |       |       |       |    51 |     2 ||    53
       Alistair's Intoxi |       |       |       |       |       |    13 |     1 ||    14
 Abil: End Transformatio |       |       |     2 |     1 |     4 |    15 |     2 ||    24
Evoke: Wand              |       |       |     1 |    26 |    37 |    24 |       ||    88
       Lightning rod     |       |       |       |     3 |    14 |     8 |       ||    25
       Phial of floods   |       |       |       |     1 |     2 |       |       ||     3
       Box of beasts     |       |       |       |       |     4 |     1 |       ||     5
       Tin of tremorston |       |       |       |       |       |    11 |       ||    11
       Condenser vane    |       |       |       |       |       |       |     1 ||     1
  Use: Scroll            |     2 |     5 |    11 |    16 |    13 |    20 |       ||    67
       Potion            |     1 |     2 |       |       |     3 |     4 |       ||    10
 Stab: Sleeping          |     2 |     1 |       |       |     2 |       |       ||     5
       Paralysed         |       |       |       |     3 |    10 |     2 |       ||    15
       Confused          |       |       |       |       |       |     4 |     1 ||     5
Armor: Robe              |    15 |     7 |     1 |     2 |     6 |     4 |       ||    35
       Skin              |     8 |     2 |    14 |    89 |   347 |   721 |    46 ||  1227
Dodge: Dodged            |    58 |    52 |   237 |   484 |  1032 |   940 |    44 ||  2847
Block: Buckler           |       |       |       |       |       |   157 |     9 ||   166
       Rpst.: Great sword |       |       |       |     3 |     2 |     2 |       ||     7

Table legend: (Time is in decaauts)
 A = Elapsed time spent in this place.
 B = Non-inter-level travel time spent in this place.
 C = Inter-level travel time spent in this place.
 D = Time resting spent in this place.
 E = Time spent auto-exploring this place.
 F = Levels seen in this place.
 G = Mean time per level.
                   A        B        C        D        E       F      G
               +--------+--------+--------+--------+--------+-----+--------+
         Total |  43147 |  39898 |   3249 |   3722 |  26298 |  37 | 1166.1 |
       Dungeon |  18426 |  17083 |   1343 |    901 |  12864 |  15 | 1228.4 |
          Lair |   7666 |   6795 |    871 |    130 |   5018 |   6 | 1277.7 |
         Swamp |   3968 |   3776 |    192 |    666 |   2202 |   4 |  992.0 |
   Spider Nest |   4246 |   3862 |    384 |    737 |   2040 |   4 | 1061.5 |
  Orcish Mines |   2937 |   2662 |    275 |    657 |   1303 |   2 | 1468.5 |
   Elven Halls |   4085 |   3903 |    182 |    363 |   2183 |   3 | 1361.7 |
        Vaults |    731 |    731 |      0 |     81 |    287 |   1 |  731.0 |
      Ice Cave |    660 |    660 |      0 |    110 |    218 |   1 |  660.0 |
      Gauntlet |    423 |    423 |      0 |     77 |    181 |   1 |  423.0 |
               +--------+--------+--------+--------+--------+-----+--------+

Top non-repeatable levels by time:
  Lair:3: 1781 daAuts
     D:2: 1744 daAuts
    D:15: 1690 daAuts
   Orc:2: 1672 daAuts
   Elf:3: 1513 daAuts
  Lair:6: 1488 daAuts
     D:5: 1447 daAuts
    D:12: 1436 daAuts
   Elf:1: 1418 daAuts
Spider:1: 1393 daAuts
    D:11: 1361 daAuts
     D:7: 1308 daAuts
   Orc:1: 1264 daAuts
     D:1: 1258 daAuts
 Swamp:1: 1231 daAuts
